 Dungeon Crawl Stone Soup version 0.18-a0-1071-g9f02aef (webtiles) character file.

732 wirefist the Sneak (level 8, -2/47 HPs)
             Began as a Halfling Enchanter on Jan 14, 2016.
             Slain by an orc wizard
             ... wielding a +0 dagger
              (4 damage)
             ... on level 4 of the Dungeon.
             The game lasted 00:28:15 (4914 turns).

wirefist the Sneak (Halfling Enchanter)             Turns: 4914, Time: 00:28:15

Health: -2/47      AC:  5    Str:  8    XL:     8   Next: 3%
Magic:  2/12       EV: 17    Int: 14    God:
Gold:   299        SH:  0    Dex: 17    Spells: 3 memorised, 7 levels left

rFire  . . .     SeeInvis .     a - +1 dagger
rCold  . . .     Gourm    .     b - +2 robe
rNeg   . . .     Faith    .     (shield restricted)
rPois  .         Spirit   .     u - +0 hat
rElec  .         Dismiss  .     p - +0 cloak
rCorr  .         Reflect  .     (no gloves)
SustAt .         Harm     .     (no boots)
MR     .....                    (no amulet)
Stlth  ++++......               (no ring)
                                (no ring)

@: very slightly contaminated, slowed, very slow, not resistant to hostile
enchantments, stealthy
A: mutation resistance 1
a: no special abilities


You were on level 4 of the Dungeon.
You were near starving.

You visited 1 branch of the dungeon, and saw 5 of its levels.

You collected 299 gold pieces.

Inventory:

Hand Weapons
 a - a +1 dagger (weapon)
 e - a +0 hunting sling
 r - a +1 falchion of holy wrath
 w - a cursed -2 quarterstaff
Armour
 b - a +2 robe (worn)
 i - a +0 robe
 l - a +0 leather armour
 m - a +0 helmet
 p - a +0 cloak (worn)
 u - a +0 hat (worn)
Scrolls
 h - 2 scrolls of fear {unknown}
 j - a scroll of identify
 q - a scroll of fog {unknown}
 t - a scroll of immolation {unknown}
 v - 2 scrolls of remove curse
Potions
 f - a potion of agility
 g - a potion of cancellation {unknown}
 o - a potion of magic {unknown}
Books
 c - a book of Maledictions

   Spells                             Type                      Level
   a - Corona                         Hexes                        1
   b - Ensorcelled Hibernation        Hexes/Ice                    2
   c - Confuse                        Hexes                        3
   d - Tukima's Dance                 Hexes                        3
   e - Dazzling Spray                 Conjuration/Hexes            3
 s - a book of Conjurations

   Spells                             Type                      Level
   a - Magic Dart                     Conjuration                  1
   b - Searing Ray                    Conjuration                  2
   c - Dazzling Spray                 Conjuration/Hexes            3
   d - Fulminant Prism                Conjuration/Hexes            4
   e - Iskenderun's Mystic Blast      Conjuration                  4
   f - Iskenderun's Battlesphere      Conjuration/Charms           5
Comestibles
 d - 5 bread rations
 k - 4 meat rations
 n - a beef jerky
 x - 4 chunks of flesh


   Skills:
 + Level 0.6 Fighting
 + Level 2.6 Short Blades
 + Level 4.7 Dodging
 + Level 6.1 Stealth
 + Level 3.0 Spellcasting
 + Level 3.8 Hexes
 + Level 2.4 Ice Magic


You had 7 spell levels left.
You knew the following spells:

 Your Spells              Type           Power        Failure   Level  Hunger
a - Corona                Hex            ##.....      4%          1    #......
b - Ensorcelled Hibernat  Hex/Ice        ##....       12%         2    ##.....
c - Tukima's Dance        Hex            ##......     14%         3    ###....


Dungeon Overview and Level Annotations

Branches:
Dungeon (5/15)
 Temple: D:4-7

Altars:
Ashenzari
Makhleb
Okawaru
Ru


Innate Abilities, Weirdness & Mutations

You are small and have problems with some larger weapons.
You are somewhat resistant to further mutation.


Message History

The orc wizard hits you but does no damage.
The orc hits you with a dagger.
* * * LOW HITPOINT WARNING * * *
The orc wizard casts a spell at you.
You feel yourself slow down.
You hit the orc wizard.
The orc wizard is severely wounded.
The orc wizard points at you and mumbles some strange words.
The magic dart hits you!
* * * LOW HITPOINT WARNING * * *
The orc barely misses you. The orc wizard completely misses you.
You hit the orc wizard.
The orc wizard is severely wounded.
The orc wizard misses you. The orc misses you.
The orc wizard gestures wildly while chanting.
The orc wizard blinks!
The orc hits you with a dagger.
* * * LOW HITPOINT WARNING * * *
The orc hits you but does no damage. The orc wizard hits you with a dagger.
You die...

#..#### ..## ..#
#.# #.## ...##
#...# ###########
....####.......o>#
#............>..@#
....####........o#
#....# #.........#
####.# #####.#####
.###.#######.####
................#
#####.###.......#
# #...........#
#########.......#


You could see an orc wizard and an orc.

Vanquished Creatures
  Eustachio (D:3)
  An ogre (D:4)
  A giant frog (D:3)
  A hound (D:5)
  2 orc priests
  A giant frog skeleton (D:4)
  2 worker ants
  2 iguanas (D:4)
  An orc wizard (D:4)
  6 adders
  A shadow imp (D:5)
  An ooze (D:2)
  2 worms
  6 giant geckos
  14 orcs
  2 giant cockroaches (D:2)
  13 hobgoblins
  4 jackals (D:3)
  3 quokkas
  A ball python (D:1)
  11 bats
  11 giant newts
  14 goblins
  8 kobolds
  7 rats (D:1)
  A fungus (D:4)
117 creatures vanquished.

Vanquished Creatures (others)
  A fungus (D:4)
1 creature vanquished.

Grand Total: 118 creatures vanquished

Notes
Turn   | Place    | Note
--------------------------------------------------------------
     0 | D:1      | wirefist the Halfling Enchanter began the quest for the Orb.
     0 | D:1      | Reached XP level 1. HP: 11/11 MP: 3/3
    65 | D:1      | Reached XP level 2. HP: 6/17 MP: 2/4
   383 | D:1      | Learned a level 2 spell: Ensorcelled Hibernation
   665 | D:1      | Reached XP level 3. HP: 21/21 MP: 1/5
  1157 | D:2      | Found a sacrificial altar of Ru.
  1172 | D:2      | Reached skill level 4 in Stealth
  1172 | D:2      | Reached XP level 4. HP: 27/27 MP: 1/6
  1478 | D:2      | Found a shattered altar of Ashenzari.
  1606 | D:2      | Found an iron altar of Okawaru.
  2104 | D:3      | Found a burning altar of Makhleb.
  2216 | D:3      | Reached XP level 5. HP: 32/32 MP: 2/7
  2220 | D:3      | Found a faded altar to an unknown god.
  2283 | D:3      | Noticed a giant frog
  2292 | D:3      | Killed a giant frog
  2292 | D:3      | Reached skill level 1 in Ice Magic
  2392 | D:3      | Reached XP level 6. HP: 34/37 MP: 7/9
  2750 | D:4      | Noticed an ogre
  2770 | D:4      | Killed an ogre
  2770 | D:4      | Reached skill level 5 in Stealth
  3202 | D:4      | Reached XP level 7. HP: 42/42 MP: 7/10
  3276 | D:4      | Noticed Eustachio
  3614 | D:3      | Killed Eustachio
  3989 | D:4      | Reached skill level 6 in Stealth
  4020 | D:4      | HP: 2/42 [giant frog skeleton (3)]
  4298 | D:3      | Learned a level 3 spell: Tukima's Dance
  4491 | D:5      | Entered Level 5 of the Dungeon
  4895 | D:5      | Reached XP level 8. HP: 41/47 MP: 1/12
  4914 | D:4      | HP: 2/47 [orc/dagger (3)]
  4914 | D:4      | Slain by an orc wizard

Vault maps used:
D:1:      dpeg_arrival_rhombi
D:2:      overflow_temple_1_default, lemuel_round_altar, nicolae_ru_awakened_eye
D:3:      corexii_shack_village, lemuel_round_altar, ecumenical_altar_1
D:4:      minmay_gold_behind_fungi, uniq_eustachio
D:5:      basic_altar, first_bread, uniq_crazy_yiuf_cottage

Action                   |  1- 3 |  4- 6 |  7- 9 || total
-------------------------+-------+-------+-------++-------
Melee: Dagger            |    93 |   194 |   121 ||   408
 Cast: Corona            |     5 |     1 |       ||     6
       Ensorcelled Hiber |    14 |    31 |    32 ||    77
  Use: Scroll            |       |     4 |       ||     4
 Stab: Sleeping          |    13 |    33 |    16 ||    62
  Eat: Chunk             |     2 |    10 |     5 ||    17
       Fruit             |       |       |     1 ||     1
